 Dungeon Crawl Stone Soup version 0.17-a0-2122-g03d97ec (webtiles) character file.

172 Ordine the Digger (level 5, -2/28 HPs)
             Began as a Gargoyle Earth Elementalist on Oct 21, 2015.
             Slain by an iguana (11 damage)
             ... on level 4 of the Dungeon.
             The game lasted 00:16:49 (4340 turns).

Ordine the Digger (Gargoyle Earth Elementalist)     Turns: 4340, Time: 00:16:49

Health: -2/28      AC:  7    Str: 11    XL:     5   Next: 52%
Magic:  3/11       EV: 11    Int: 17    God:
Gold:   234        SH:  0    Dex:  8    Spells: 4 memorised, 1 level left

rFire  . . .     SeeInvis .     j - +0 whip
rCold  . . .     Clarity  .     b - +0 robe
rNeg   + . .     SustAt   .     (no shield)
rPois  ∞         Gourm    .     (no helmet)
rElec  +         Spirit   .     v - +0 cloak
rCorr  .         Warding  .     (no gloves)
rMut   .         Stasis   .     (no boots)
MR     .....                    (no amulet)
Stlth  ++........               (no ring)
                                (no ring)

@: not resistant to hostile enchantments, unstealthy
A: clumsy 1, negative energy resistance 1, electricity resistance, unbreathing,
petrification resistance, rot immunity, AC +4
a: no special abilities


You were on level 4 of the Dungeon.
You were not hungry.

You visited 1 branch of the dungeon, and saw 4 of its levels.

You collected 234 gold pieces.

Inventory:

Hand Weapons
 j - a +0 whip (weapon)
Missiles
 a - 179 stones (quivered)
Armour
 b - a +0 robe (worn)
 v - a +0 cloak (worn)
Scrolls
 l - a scroll of recharging
Potions
 e - a potion of curing
 k - 2 potions of agility
 m - a potion of lignification {unknown}
 o - 3 potions of cancellation {unknown}
 p - 2 potions of ambrosia {unknown}
 r - a potion of heal wounds {unknown}
Books
 c - a book of Geomancy

   Spells                             Type                      Level
   a - Sandblast                      Earth                        1
   b - Stoneskin                      Transmutation/Earth          2
   c - Passwall                       Transmutation/Earth          3
   d - Stone Arrow                    Conjuration/Earth            3
   e - Petrify                        Transmutation/Earth          4
   f - Lee's Rapid Deconstruction     Earth                        5
Comestibles
 d - 3 bread rations
 h - a royal jelly
 i - 2 meat rations
 n - 3 fruits


   Skills:
 - Level 1.5 Dodging
 - Level 2.1 Stealth
 * Level 4.0 Spellcasting
 + Level 2.1 Conjurations
 - Level 0.7 Transmutations
 + Level 4.8 Earth Magic


You had one spell level left.
You knew the following spells:

 Your Spells              Type           Power        Failure   Level  Hunger
a - Sandblast             Erth           ###...       2%          1    None
b - Stoneskin             Trmt/Erth      ##......     10%         2    ##.....
c - Stone Arrow           Conj/Erth      ###...       12%         3    ###....
d - Lee's Rapid Deconstr  Erth           ###.......   71%         5    ######.


Dungeon Overview and Level Annotations

Branches:
Dungeon (4/15)
 Temple: D:4-7

Altars:
Ashenzari
Fedhas
Okawaru
Qazlal
Ru
Yredelemnul
The Shining One

Annotations:
D:3 Rationalist's ghost, amateur DsBe


Innate Abilities, Weirdness & Mutations

You are resistant to torment.
Your stone body is resilient (AC +4).
You are immune to poison.
You resist negative energy.
You are resistant to electric shocks.
You can survive without breathing.
You are immune to petrification.
You are immune to rotting.
You are clumsy. (Dex -2)


Message History

The blast of sand hits the iguana.
The iguana is moderately wounded.
The iguana bites you!
Casting: Sandblast
Confirm with . or Enter, or press ? or * to list all spells.
Aiming: Sandblast
Press: ? - help, Shift-Dir - straight line, f/p - iguana
Aim: an iguana (moderately wounded)
The blast of sand hits the iguana.
The iguana is heavily wounded.
The iguana bites you.
Casting: Sandblast
Confirm with . or Enter, or press ? or * to list all spells.
Aiming: Sandblast
Press: ? - help, Shift-Dir - straight line, f/p - iguana
Aim: an iguana (heavily wounded)
The blast of sand hits the iguana.
The iguana is heavily wounded.
The iguana bites you!
You die...

.......
.......
.......
.......
#......##
...$....#
........#
#....l@#
..#....##
#.....
#......
#......
.......
##.....
#.....


You could see an iguana.

Vanquished Creatures
  Terence (D:3)
  An orc wizard (D:3)
  5 adders
  An ooze (D:2)
  4 worms
  3 giant geckos
  3 orcs (D:3)
  2 giant cockroaches (D:2)
  6 hobgoblins
  8 jackals
  5 bats
  A giant newt (D:1)
  8 goblins
  7 kobolds
  8 rats
63 creatures vanquished.

Notes
Turn   | Place    | Note
--------------------------------------------------------------
     0 | D:1      | Ordine the Gargoyle Earth Elementalist began the quest for the Orb.
     0 | D:1      | Reached XP level 1. HP: 10/10 MP: 3/3
   324 | D:1      | Reached XP level 2. HP: 13/15 MP: 5/5
   328 | D:1      | Learned a level 2 spell: Stoneskin
   539 | D:1      | Reached skill level 4 in Earth Magic
   972 | D:2      | Found an iron altar of Okawaru.
   973 | D:2      | Found a stormy altar of Qazlal.
  1126 | D:2      | Reached XP level 3. HP: 11/19 MP: 0/7
  1131 | D:2      | Learned a level 3 spell: Stone Arrow
  1271 | D:2      | Found a blossoming altar of Fedhas.
  2259 | D:2      | Reached XP level 4. HP: 20/24 MP: 3/8
  2589 | D:2      | Reached skill level 1 in Conjurations
  2634 | D:3      | Noticed Rationalist's ghost (amateur DsBe)
  3417 | D:3      | Gained mutation: You are frail (-10% HP). [potion of mutation]
  3417 | D:3      | Gained mutation: You are clumsy. (Dex -2) [potion of mutation]
  3417 | D:3      | Lost mutation: You are frail (-10% HP). [potion of mutation]
  3434 | D:3      | Reached XP level 5. HP: 16/28 MP: 2/10
  3445 | D:3      | Learned a level 5 spell: Lee's Rapid Deconstruction
  3567 | D:3      | Found a basalt altar of Yredelemnul.
  3567 | D:3      | Noticed Terence
  3584 | D:3      | Killed Terence
  3894 | D:3      | Found a shattered altar of Ashenzari.
  3971 | D:3      | Found a sacrificial altar of Ru.
  4217 | D:3      | Found a glowing golden altar of the Shining One.
  4340 | D:4      | Slain by an iguana

Vault maps used:
D:1:      elethiomel_arrival_infinity_welcomes_careful_drivers
D:2:      grunt_temple_overflow_open, nicolae_overflow_crystal_walls, hex_large,
          grunt_decor_fettered, minmay_misc_feat_square, minmay_cupped
D:3:      tso_altar, lemuel_crystal_altar, ashenzari_conservatory_becter,
          nicolae_ru_sacrificial_ziggurat, kennysheep_generic_room_12,
          uniq_terence
D:4:      grunt_temple_overflow_opulence, cheibriados_altar_wand_db,
          temple_statues, hangedman_decor_clover_reticule, tgw_sif

Action                   |  1- 3 |  4- 6 || total
-------------------------+-------+-------++-------
Melee: Club              |    15 |       ||    15
       Whip              |    88 |    63 ||   151
 Cast: Sandblast         |    45 |    88 ||   133
  Use: Scroll            |     7 |     7 ||    14
       Potion            |       |     3 ||     3
 Stab: Sleeping          |     2 |       ||     2
  Eat: Chunk             |     4 |     7 ||    11
